 Dungeon Crawl Stone Soup version 0.30-a0-632-g346586fe48 (webtiles) character file.

Game seed: 3428087892676792738

625 bmack86 the Chopper (level 7, -2/61 HPs)
             Began as a Minotaur Fighter on Jan 14, 2023.
             Was an Initiate of Okawaru.
             Slain by a gnoll sergeant
             ... wielding a +0 trident
              (8 damage)
             ... on level 5 of the Dungeon.
             The game lasted 00:07:29 (3616 turns).

bmack86 the Chopper (Minotaur Fighter)              Turns: 3616, Time: 00:07:29

Health: -2/61      AC: 11    Str: 23    XL:     7   Next: 23%
Magic:  6/6        EV:  7    Int:  5    God:    Okawaru [......]
Gold:   157        SH:  5    Dex:  9    Spells: 6/6 levels left

rFire   . . .      SeeInvis .    a - +0 war axe
rCold   . . .      Faith    .    c - +0 buckler
rNeg    . . .      Spirit   .    p - +1 chain mail
rPois   .          Reflect  .    (helmet restricted)
rElec   .          Harm     .    (no cloak)
rCorr   .          Rampage  .    (no gloves)
Will    .....                    (no boots) Stlth
                                 (no amulet)
HPRegen 0.30/turn                (no ring)
MPRegen 0.10/turn                (no ring)

@: no status effects
A: horns 2, retaliatory headbutt
a: Renounce Religion


You were on level 5 of the Dungeon.
You worshipped Okawaru.
Okawaru was noncommittal.
You visited 2 branches of the dungeon, and saw 6 of its levels.

You collected 157 gold pieces.

Inventory:

Hand Weapons
 a - a +0 war axe (weapon)
Armour
 c - a +0 buckler (worn)
 p - a +1 chain mail (worn)
Wands
 n - a wand of polymorph (8)
Scrolls
 e - a scroll of enchant weapon {unknown}
 i - a scroll of enchant armour
 m - 2 scrolls of identify
 q - 3 scrolls of teleportation
Potions
 d - a potion of might
 f - 2 potions of curing
 g - a potion of attraction {unknown}
 h - 2 potions of brilliance {unknown}
 j - 2 potions of flight
 k - 3 potions of haste
 l - 2 potions of resistance {unknown}
 o - a potion of magic {unknown}
 r - a potion of lignification {unknown}
 s - a potion of berserk rage {unknown}
 t - a potion of mutation {unknown}
 u - a potion of heal wounds {unknown}


   Skills:
 + Level 5.5 Fighting
 * Level 6.3 Axes
 + Level 5.5 Armour
 + Level 5.5 Shields


You had 6 spell levels left.
You didn't know any spells.
Your spell library contained the following spells:

 Spells                   Type           Power      Damage    Failure   Level
 Cigotuvi's Dreadful Rot  Necr/Pois/Air  0%         N/A       100%        2
 Portal Projectile        Hex/Tloc       0%         N/A       100%        3
 Dispel Undead            Necr           0%         3d6       100%        4
 Leda's Liquefaction      Hex/Erth       0%         N/A       100%        4
 Alistair's Intoxication  Tmut/Pois      0%         N/A       100%        5
 Borgnjor's Vile Clutch   Necr/Erth      0%         N/A       100%        5
 Eringya's Noxious Bog    Tmut/Pois      0%         N/A       100%        6
 Call Canine Familiar     Summ           Unusable   N/A       N/A         3
 Death Channel            Necr           Unusable   N/A       N/A         6

Dungeon Overview and Level Annotations

Branches:
Dungeon (5/15)             Temple (1/1) D:4

Altars:
Ashenzari
Cheibriados
Elyvilon
Hepliaklqana
Makhleb
Nemelex Xobeh
Okawaru
Qazlal
Sif Muna
Vehumet
Yredelemnul
Zin
The Shining One


Innate Abilities, Weirdness & Mutations

You have a pair of horns on your head.
You reflexively headbutt those who attack you in melee.


Message History

The gnoll sergeant is moderately wounded.
You hit the gnoll but do no damage. The gnoll hits you but does no damage.
The gnoll barely misses you.
The gnoll sergeant hits you but does no damage.
You hit the gnoll sergeant.
The gnoll sergeant is heavily wounded.
You hit the gnoll. The gnoll closely misses you.
The gnoll hits you but does no damage. You block the gnoll sergeant's attack.
You hit the gnoll sergeant but do no damage.
The gnoll sergeant is heavily wounded.
You closely miss the gnoll. The gnoll completely misses you.
You furiously retaliate!
You headbutt the gnoll!
You kill the gnoll!
Okawaru accepts your kill. The white imp gestures at you.
The puff of frost hits you. The gnoll closely misses you.
The gnoll sergeant hits you with a +0 trident!
You hit the gnoll sergeant.
Your headbutt misses the gnoll sergeant.
The gnoll sergeant is heavily wounded.
You barely miss the gnoll.
The gnoll hits you but does no damage. x2
You block the gnoll sergeant's attack.
The gnoll hits you from afar with a +0 spear.
The gnoll hits you with a +0 whip.
The gnoll sergeant hits you with a +0 trident!
* * * LOW HITPOINT WARNING * * *
The gnoll sergeant blocks your attack.
The gnoll sergeant is heavily wounded.
You closely miss the gnoll. The gnoll closely misses you.
The gnoll hits you but does no damage.
The gnoll sergeant hits you but does no damage.
The gnoll sergeant blocks your attack.
You headbutt the gnoll sergeant, but do no damage.
The gnoll sergeant is heavily wounded.
You barely miss the gnoll.
The gnoll hits you from afar with a +0 halberd!
* * * LOW HITPOINT WARNING * * *
The gnoll hits you but does no damage. The gnoll completely misses you.
The gnoll sergeant hits you with a +0 trident!
You die...

##..........##....#....##
#.....⌠.....#.....##..†.#
##.......)..##........<.##
#.:..[......#.....8.....#
###........##...........#
###......#...........##
###...##...8........ ###.#
.....8.... #@# .8.........
.....5gg# ..........
.....gg## .⌠..... ......#
...... .....# .....


You could see a gnoll sergeant, 3 gnolls and a white imp.

Vanquished Creatures
  Sigmund (D:3)
  A scorpion (D:2)
  An orc priest (D:4)
  Terence (D:3)
  Jessica (D:3)
  Natasha (thrice) (D:2)
  2 orc wizards (D:4)
  4 gnolls
  7 adders
  A white imp (D:3)
  A dart slug (D:2)
  9 orcs
  3 ball pythons
  4 bats
  8 endoplasms
  9 giant cockroaches
  6 goblins
  6 hobgoblins
  6 jackals
  6 kobolds
  3 quokkas
  A frilled lizard (D:2)
  7 rats
  A spectral goblin (D:3)
92 creatures vanquished.

Notes
Turn   | Place    | Note
-------+----------+-------------------------------------------
     0 | D:1      | bmack86 the Minotaur Fighter began the quest for the Orb.
     0 | D:1      | Reached XP level 1. HP: 19/19 MP: 0/0
   256 | D:1      | Reached XP level 2. HP: 23/27 MP: 1/1
   319 | D:1      | Reached skill level 3 in Axes
   911 | D:2      | Reached XP level 3. HP: 30/33 MP: 2/2
  1124 | D:2      | Noticed a scorpion
  1131 | D:2      | Killed a scorpion
  1132 | D:2      | Reached skill level 4 in Axes
  1132 | D:2      | Reached XP level 4. HP: 32/41 MP: 3/3
  1338 | D:2      | Reached XP level 5. HP: 30/47 MP: 4/4
  1506 | D:2      | Noticed Natasha
  1517 | D:2      | Killed Natasha
  1622 | D:2      | Noticed Natasha
  1631 | D:2      | Killed Natasha
  1656 | D:2      | Noticed Natasha
  1663 | D:2      | Killed Natasha
  1880 | D:3      | Noticed Jessica
  1886 | D:3      | Killed Jessica
  1887 | D:3      | Reached skill level 5 in Axes
  1908 | D:3      | Noticed Sigmund
  1918 | D:3      | Killed Sigmund
  1919 | D:3      | Reached skill level 5 in Fighting
  1919 | D:3      | Reached skill level 5 in Armour
  1919 | D:3      | Reached skill level 5 in Shields
  1919 | D:3      | Reached XP level 6. HP: 13/56 MP: 5/5
  2076 | D:3      | Noticed Terence
  2085 | D:3      | Killed Terence
  2262 | D:3      | Found a hazy altar of Hepliaklqana.
  2333 | D:3      | Found a stormy altar of Qazlal.
  2645 | D:4      | Found a staircase to the Ecumenical Temple.
  2660 | D:4      | Reached skill level 6 in Axes
  2674 | Temple   | Entered the Ecumenical Temple
  2870 | Temple   | Became a worshipper of Warmaster Okawaru
  2926 | D:4      | Reached XP level 7. HP: 61/61 MP: 6/6
  3017 | D:4      | Identified the +3 trident of Ynwicvud {protect, rF+ rC+
                  | Dex+2 SInv}
  3107 | D:4      | Found a glowing silver altar of Zin.
  3109 | D:4      | Found a white marble altar of Elyvilon.
  3110 | D:4      | Found a glowing golden altar of the Shining One.
  3435 | D:5      | Entered Level 5 of the Dungeon
  3616 | D:5      | Slain by a gnoll sergeant

Illustrated notes

Levels and vault maps discovered:
D:1:      onia_arrival_mini_maze, layout_loops_ring
D:2:      layout_loops_cross, uniq_natasha
D:3:      layout_basic, nicolae_hepliaklqana_monster_ancestors,
          marbit_many_paths, uniq_sigmund, uniq_jessica, uniq_terence
D:4:      layout_rooms, good_gods_temple_1, minmay_temple_entry_junction_2
D:5:      minmay_skewed_foursquare, layout_cave_pools, serial_shops, shop,
          serial_column_ruins, column_ruins_circle_medium, column_ruins_grid_2,
          column_ruins_open_tiny, column_ruins_grid_1, column_ruins_open_medium,
          column_ruins_grid_1
Temple:   nicolae_temple_godpark

Skill      XL: |  1  2  3  4  5  6 |
---------------+-------------------+-----
Axes           | 3 4 5 6 |  6.3
Fighting       | 4 5 |  5.5
Armour         | 4 5 |  5.5
Shields        | 4 5 |  5.5

Action                   |  1- 3 |  4- 6 |  7- 9 || total
-------------------------+-------+-------+-------++-------
Melee: War axe           |    61 |    86 |    45 ||   192
       Headbutt          |     6 |    11 |     8 ||    25
       Unarmed           |       |     1 |       ||     1
  Use: Scroll            |     2 |     7 |       ||     9
Armor: Scale mail        |    42 |    16 |       ||    58
       Chain mail        |       |    40 |    42 ||    82
Dodge: Dodged            |    31 |    53 |    29 ||   113
Block: Buckler           |    18 |    25 |    10 ||    53

Table legend: (Time is in decaauts)
 A = Elapsed time spent in this place.
 B = Non-inter-level travel time spent in this place.
 C = Inter-level travel time spent in this place.
 D = Time resting spent in this place.
 E = Time spent auto-exploring this place.
 F = Levels seen in this place.
 G = Mean time per level.
                   A        B        C        D        E       F      G
               +--------+--------+--------+--------+--------+-----+--------+
         Total |   3681 |   3518 |    163 |    244 |   2169 |   6 |  613.5 |
       Dungeon |   3468 |   3305 |    163 |    244 |   1993 |   5 |  693.6 |
        Temple |    212 |    212 |      0 |      0 |    176 |   1 |  212.0 |
               +--------+--------+--------+--------+--------+-----+--------+

Top non-repeatable levels by time:
     D:2: 1005 daAuts
     D:1: 845 daAuts
     D:3: 825 daAuts
     D:4: 690 daAuts
  Temple: 212 daAuts
     D:5: 101 daAuts
